 Dungeon Crawl Stone Soup version 0.32-a0-485-g70f7560b1c (webtiles) character file.

Game seed: 8515711100745476763

3840243 ragingrage the Intangible (level 27, 266/266 HPs)
             Began as an Octopode Brigand on Feb 26, 2024.
             Was an Initiate of Gozag.
             Escaped with the Orb
             ... and 6 runes
             ... and 1 gem (intact)!
             The game lasted 02:31:49 (84384 turns).

ragingrage the Intangible (Octopode Brigand)       Turns: 84384, Time: 02:31:49

Health: 266/266    AC: 37    Str: 15    XL:     27
Magic:  32/32      EV: 57    Int: 38    God:    Gozag
Gold:   2313       SH: 15    Dex: 34    Spells: 16/64 levels left

rFire   + + +        a - +9 eudemon blade (holy)
rCold   + . .        n - +3 buckler "Kumaoc" {rF+ rN+ Int+4}
rNeg    + + +        v - +1 hat of Duty {Dex+4}
rPois   ∞            V - amulet of Vitality {RegenMP++ Regen++}
rElec   +            k - ring "Ongadis" {rPois rF+ rN+ rCorr}
rCorr   +            D - ring of Kitihoc {rN+ Will++ EV+5 Str-3 Int+4}
SInv    +            E - ring of Ytiraah {Fly rC+ Int+6}
Will    ++++.        q - ring of see invisible
Stlth   +++          Z - ring "Xukkoihi" {rN++ MP-9 EV+5 Int+5 Dex+3}
HPRegen 3.04/turn    d - ring of Ixzoggec {Fly rElec Str+3 Dex+6 Stlth+}
MPRegen 1.03/turn    t - +4 ring of protection
                     G - ring of Xossag {rF++ AC+4}

%: no passive effects
@: statue-form, flying, studying 2 skills, very slow
A: slow and powerful, torment resistance 1, boosted hp, almost no armour,
amphibious, 8 rings, camouflage 1, (gelatinous body 1), (nimble swimmer 1),
tentacles, clever 1, low MP 1, regeneration 1, screaming 1, strong 1, wild magic
1, no potion heal 1, inability to drink after injury 1
0: Orb of Zot
}: 6/15 runes: barnacled, slimy, silver, golden, abyssal, gossamer
a: Begin Untransformation, Renounce Religion, Potion Petition, Call Merchant,
Bribe Branch


You escaped.
You worshipped Gozag.
Gozag was most pleased with you.
You were a living statue of rough stone.
You visited 13 branches of the dungeon, and saw 59 of its levels.
You visited the Abyss 2 times.
You visited 1 ziggurat, and saw 12 of its levels.
You also visited: Ice Cave.

You collected 35498 gold pieces.
You spent 8328 gold pieces at shops.
You paid 24857 gold pieces to Gozag.

Inventory:

Hand Weapons
 a - a +9 eudemon blade of holy wrath (weapon)
 b - the +10 zealot's sword {holy, Zealotry, *Rage rN+ EV+3}
   (You bought it in a shop on level 5 of the Vaults)

   Zealotry:  Whenever the wielder enters a berserk rage, their allies are
   berserked alongside them.
   EV+3:      It affects your evasion (+3).
   rN+:       It protects you from negative energy.
   *Rage:     It berserks you when you make melee attacks (+20% chance).
Missiles
 c - 12 curare-tipped darts
 s - 9 throwing nets
Armour
 n - the +3 buckler "Kumaoc" (worn) {rF+ rN+ Int+4}
   (You acquired it on level 15 of the Dungeon)

   Int+4:     It affects your intelligence (+4).
   rF+:       It protects you from fire.
   rN+:       It protects you from negative energy.
 v - the +1 hat of Duty (worn) {Dex+4}
   (You acquired it on level 4 of the Realm of Zot)

   Dex+4:     It affects your dexterity (+4).
 P - the +4 tower shield of Acies {rElec Dex+4 SInv}
   (You found it on level 2 of the Crypt)

   Dex+4:     It affects your dexterity (+4).
   rElec:     It insulates you from electricity.
   SInv:      It lets you see invisible.
Jewellery
 d - the ring of Ixzoggec (on tentacle) {Fly rElec Str+3 Dex+6 Stlth+}
   (You found it on level 4 of a ziggurat)

   [ring of dexterity]

   Str+3:     It affects your strength (+3).
   Dex+6:     It affects your dexterity (+6).
   rElec:     It insulates you from electricity.
   Fly:       It grants you flight.
   Stlth+:    It makes you more stealthy.
 k - the ring "Ongadis" (left tentacle) {rPois rF+ rN+ rCorr}
   (You found it on level 3 of the Crypt)

   [ring of positive energy]

   rF+:       It protects you from fire.
   rPois:     It protects you from poison rN+: It protects you from negative
   energy.
   rCorr:     It protects you from acid and corrosion.
 q - a ring of see invisible (on tentacle)
 t - a +4 ring of protection (on tentacle)
 D - the ring of Kitihoc (right tentacle) {rN+ Will++ EV+5 Str-3 Int+4}
   (You bought it in a shop on level 3 of the Depths)

   [ring of evasion]

   EV+5:      It affects your evasion (+5).
   Str-3:     It affects your strength (-3).
   Int+4:     It affects your intelligence (+4).
   rN+:       It protects you from negative energy.
   Will++:    It greatly increases your willpower.
 E - the ring of Ytiraah (on tentacle) {Fly rC+ Int+6}
   (You found it on level 7 of a ziggurat)

   [ring of intelligence]

   Int+6:     It affects your intelligence (+6).
   rC+:       It protects you from cold.
   Fly:       It grants you flight.
 G - the ring of Xossag (on tentacle) {rF++ AC+4}
   (You acquired it on level 2 of the Vaults)

   [ring of protection]

   AC+4:      It affects your AC (+4).
   rF++:      It greatly protects you from fire.
 R - the ring of Xom's Flight of Fancy {Wiz Will+ Str+3}
   (You found it on level 2 of the Depths)

   [ring of wizardry]

   Wiz:       It improves your spell success rate.
   Str+3:     It affects your strength (+3).
   Will+:     It increases your willpower.
 V - the amulet of Vitality (around mantle) {RegenMP++ Regen++}
   (You bought it in a shop on level 3 of the Depths)

   [amulet of magic regeneration]

   RegenMP:   It increases your rate of magic regeneration.
   Regen++:   It increases your rate of health regeneration.
 Z - the ring "Xukkoihi" (on tentacle) {rN++ MP-9 EV+5 Int+5 Dex+3}
   (You found it on level 3 of the Crypt)

   [ring of evasion]

   EV+5:      It affects your evasion (+5).
   Int+5:     It affects your intelligence (+5).
   Dex+3:     It affects your dexterity (+3).
   rN++:      It greatly protects you from negative energy.
   MP-9:      It affects your magic capacity (-9).
Wands
 o - a wand of charming (95)
 w - a wand of digging (49)
 N - a wand of iceblast (57)
 Q - a wand of quicksilver (28)
Scrolls
 f - 13 scrolls of vulnerability
 i - 24 scrolls of teleportation
 m - 11 scrolls of enchant weapon
 p - 7 scrolls of fear
 r - 10 scrolls of revelation
 u - 6 scrolls of silence
 y - 13 scrolls of poison
 A - a scroll of torment
 C - 12 scrolls of immolation
 I - 4 scrolls of summoning
 J - 3 scrolls of enchant armour
 L - 13 scrolls of noise
 S - 9 scrolls of fog
 U - 6 scrolls of blinking
Potions
 e - 4 potions of might
 g - 8 potions of brilliance
 h - 13 potions of lignification
 j - 4 potions of cancellation
 l - 6 potions of ambrosia
 x - 23 potions of curing
 B - 11 potions of heal wounds
 F - 8 potions of resistance
 H - 16 potions of magic
 K - 6 potions of mutation
 M - 5 potions of berserk rage
 O - 14 potions of attraction
 T - 4 potions of invisibility
 W - 5 potions of enlightenment
 X - 21 potions of haste
Miscellaneous
 z - a sack of spiders
 Y - a tin of tremorstones (2/2)


   Skills:
 - Level 21.3 Fighting
 - Level 9.0(12.7) Short Blades
 - Level 14.2(15.2) Long Blades
 - Level 2.0 Throwing
 O Level 27 Dodging
 - Level 10.0 Stealth
 - Level 20.0 Shields
 + Level 19.3 Spellcasting
 - Level 3.0 Hexes
 - Level 13.0 Summonings
 + Level 20.2 Necromancy
 - Level 11.0 Translocations
 - Level 6.0 Fire Magic
 - Level 3.0 Ice Magic
 - Level 6.0 Air Magic
 - Level 6.0 Earth Magic
 - Level 16.0 Evocations
 - Level 17.2 Shapeshifting


You had 16 spell levels left.
You knew the following spells:

 Your Spells              Type           Power      Damage    Failure   Level
a - Fugue of the Fallen   Necr           100%       N/A       1%          3
b - Death Channel         Necr           64%        N/A       1%          6
c - Summon Blazeheart Go  Fire/Summ      96%        N/A       1%          4
d - Passwall              Erth           82%        N/A       1%          3
e - Apportation           Tloc           100%       N/A       1%          1
f - Vhi's Electric Charg  Tloc/Air       100%       N/A       1%          4
g - Summon Cactus Giant   Summ           54%        N/A       1%          6
h - Death's Door          Necr           64%        N/A       30%         9
i - Infestation           Necr           64%        N/A       2%          8
j - Manifold Assault      Tloc           100%       N/A       1%          4

Your spell library contained the following spells:

 Spells                   Type           Power      Damage    Failure   Level
 Foxfire                  Conj/Fire      100%       2x1d9     1%          1
 Kiss of Death            Conj/Necr      100%       2d13      1%          1
 Necrotise                Necr           100%       1d9       1%          1
 Shock                    Conj/Air       100%       1d9       1%          1
 Sting                    Conj/Alch      100%       1d9       1%          1
 Summon Small Mammal      Summ           100%       N/A       1%          1
 Blink                    Tloc           100%       N/A       1%          2
 Cigotuvi's Dreadful Rot  Necr/Alch/Air  100%       N/A       1%          2
 Ensorcelled Hibernation  Hex/Ice        100%       N/A       1%          2
 Jinxbite                 Hex            100%       N/A       1%          2
 Lesser Beckoning         Tloc           100%       N/A       1%          2
 Mercury Vapours          Alch/Air       100%       N/A       1%          2
 Momentum Strike          Conj/Tloc      100%       3d10      1%          2
 Scorch                   Fire           100%       2d9       1%          2
 Call Canine Familiar     Summ           100%       N/A       1%          3
 Confusing Touch          Hex            67%        N/A       1%          3
 Frozen Ramparts          Ice            100%       1d16      1%          3
 Gell's Gravitas          Tloc           100%       N/A       1%          3
 Inner Flame              Hex/Fire       75%        N/A       1%          3
 Sigil of Binding         Hex            67%        N/A       1%          3
 Stone Arrow              Conj/Erth      100%       3d13      1%          3
 Summon Ice Beast         Ice/Summ       91%        N/A       1%          3
 Swiftness                Air            82%        N/A       1%          3
 Teleport Other           Tloc           100%       N/A       1%          3
 Tukima's Dance           Hex            67%        N/A       1%          3
 Volatile Blastmotes      Fire/Tloc      100%       2d18      1%          3
 Airstrike                Air            41%        2d(6-22)  1%          4
 Anguish                  Hex/Necr       52%        N/A       1%          4
 Dimensional Bullseye     Hex/Tloc       43%        N/A       1%          4
 Dispel Undead            Necr           100%       3d31      1%          4
 Iskenderun's Mystic Bla  Conj/Tloc      80%        2d16      1%          4
 Martyr's Knell           Necr/Summ      100%       N/A       1%          4
 Passage of Golubria      Tloc           100%       N/A       1%          4
 Borgnjor's Vile Clutch   Necr/Erth      54%        N/A       1%          5
 Curse of Agony           Necr           100%       N/A       1%          5
 Summon Mana Viper        Hex/Summ       91%        N/A       1%          5
 Haunt                    Necr/Summ      59%        N/A       1%          7
 Searing Ray              Conj           94%        2d7       2%          2
 Dazzling Flash           Conj/Hex       100%       N/A       2%          3
 Hailstorm                Conj/Ice       58%        3d11      2%          3
 Mephitic Cloud           Conj/Alch/Air  61%        N/A       2%          3
 Dispersal                Tloc           51%        N/A       2%          6
 Borgnjor's Revivificati  Necr           64%        N/A       2%          8
 Brom's Barrelling Bould  Conj/Erth      67%        2d8       4%          4
 Cause Fear               Hex            33%        N/A       4%          4
 Flame Wave               Conj/Fire      67%        2d15      4%          4
 Leda's Liquefaction      Alch/Erth      33%        N/A       4%          4
 Petrify                  Alch/Erth      67%        N/A       4%          4
 Sticky Flame             Fire/Alch      67%        2d11      4%          4
 Silence                  Hex/Air        37%        N/A       6%          5
 Monstrous Menagerie      Summ           54%        N/A       6%          7
 Arcjolt                  Conj/Air       33%        1d43      11%         5
 Fireball                 Conj/Fire      33%        3d14      11%         5
 Freezing Cloud           Conj/Ice/Air   33%        6-21      11%         5
 Metabolic Englaciation   Hex/Ice        33%        N/A       11%         5
 Fulminant Prism          Conj/Alch      23%        3d12      13%         4
 Plasma Beam              Fire/Air       41%        2x1d55    16%         6
 Yara's Violent Unravell  Hex/Alch       29%        3d12      19%         5
 Iskenderun's Battlesphe  Conj           47%        2d10      32%         5
 Summon Horrible Things   Summ           54%        N/A       34%         8
 Bombard                  Conj/Erth      33%        9d6       45%         6
 Conjure Ball Lightning   Conj/Air       33%        3x3d11    45%         6
 Starburst                Conj/Fire      33%        6d10      45%         6
 Spellforged Servitor     Conj/Summ      42%        N/A       54%         7
 Disjunction              Tloc           51%        N/A       61%         8
 Sculpt Simulacrum        Ice/Alch       29%        N/A       65%         6
 Enfeeble                 Hex            33%        N/A       95%         7
 Ozocubu's Refrigeration  Ice            33%        4d14      95%         7
 Dragon's Call            Summ           54%        N/A       99%         9
 Orb of Destruction       Conj           23%        9d8       100%        7
 Lehudib's Crystal Spear  Conj/Erth      33%        10d9      100%        8
 Chain Lightning          Conj/Air       33%        3d44      100%        9
 Fire Storm               Conj/Fire      33%        8d9       100%        9
 Polar Vortex             Ice            33%        12d4*     100%        9
 Shatter                  Erth           41%        3d32*     100%        9
 Sublimation of Blood     Necr           Unusable   N/A       N/A         2
 Animate Armour           Summ/Erth      Unusable   N/A       N/A         4

Dungeon Overview and Level Annotations

Branches:
Dungeon (15/15)            Temple (1/1) D:4            Lair (5/5) D:10
 Shoals (4/4) Lair:3       Spider (4/4) Lair:2        Slime (5/5) Lair:5
    Orc (2/2) D:9             Elf (3/3) Orc:2        Vaults (5/5) D:14
  Crypt (3/3) Vaults:2       Tomb (3/3) Crypt:3      Depths (4/4) D:15
    Zot (5/5) Depths:4      IceCv (visited)

Altars:
Ashenzari
Cheibriados
Dithmenos
Elyvilon
Fedhas
Gozag
Hepliaklqana
Kikubaaqudgha
Makhleb
Nemelex Xobeh
Okawaru
Qazlal
Ru
Sif Muna
Trog
Uskayaw
Vehumet
Wu Jian
Xom
Yredelemnul
Zin
The Shining One
Beogh
Jiyva

Shops:
Orc:2 *![(*   Elf:1 *   Elf:3 (   Vaults:1 !   Vaults:4 (   Vaults:5 *=(!
Depths:2 [   Depths:3 =:=(   Depths:4 [

Portals:
Hell: Depths:1 Depths:2 Depths:3 Depths:4
Abyss: Depths:1 Depths:3 Depths:4
Pandemonium: Depths:2 Depths:4

Annotations:
D:11 exclusion: downstairs
Lair:2 exclusion: downstairs
Lair:4 exclusion: downstairs
Tomb:3 Boris
Zot:1 2 transporters, Tiejaxt's ghost, master TeAE


Innate Abilities, Weirdness & Mutations

You are a living statue of rough stone.
Your actions are slow, but your melee attacks are powerful.
You are resistant to unholy torment.
Your maximum health is greatly increased.
You cannot wear most types of armour.
You are amphibious.
You can wear up to eight rings at the same time.
You are immune to poison.
Your skin changes colour to match your surroundings (Stealth+).
((Your rubbery body absorbs attacks. (AC +1, EV +1)))
((You are camouflaged when in or above water. (Stealth+)))
You have tentacles for arms and can constrict up to eight enemies at once.
Your mind is acute. (Int +4, Str/Dex -1)
Your magical capacity is low. (-10% MP)
Your natural rate of healing is unusually fast.
You occasionally shout uncontrollably at your foes.
Your muscles are strong. (Str +4, Int/Dex -1)
Your spells are a little harder to cast, but a little more powerful.
Potions are less effective at restoring your health.
You occasionally lose the ability to drink potions when taking damage.


Message History

The liquid fire burns you!
You hear a shout!
You block the sun demon's attack.
You slice the sun demon!!
The sun demon convulses!
You grab the sun demon. The liquid fire burns you!
You constrict the sun demon. The sun demon completely misses you.
You slice the sun demon!!
You kill the sun demon!
The liquid fire burns you!
You barely miss the ufetubus. You grab the ufetubus.
You constrict the ufetubus. The ufetubus slips past you!
You block the ufetubus's attack. The ufetubus completely misses you.
You slice the ufetubus!!
You kill the ufetubus!
The ufetubus disappears in a puff of smoke!
The ufetubus is distracted by your dazzling golden aura.
The ynoxinul completely misses you.
The ufetubus shouts!
You carve the ynoxinul like a ham!!!
You kill the ynoxinul!
The ufetubus disappears in a puff of smoke! x2
No target in view!
You now have 2313 gold pieces (gained 18).
No target in view!
There are no items here.
Unknown command.
(D) Dungeon (T) Temple (L) Lair (A) Shoals (N) Spider Nest (M) Slime Pits (O) Orcish Mines (E) Elven Halls (V) Vaults (C) Crypt (W) Tomb (U) Depths (H) Hell (Z) Zot
Where to? (Tab/Enter - D:1 @ (x,y), ? - help)
What level of the Dungeon? (default 1, ? - help)
Okay, then.
(D) Dungeon (T) Temple (L) Lair (A) Shoals (N) Spider Nest (M) Slime Pits (O) Orcish Mines (E) Elven Halls (V) Vaults (C) Crypt (W) Tomb (U) Depths (H) Hell (Z) Zot
Where to? (Tab/Enter - D:1 @ (x,y), ? - help)
There is a staircase leading out of the dungeon here.
You have escaped!

###################....##########
.....##..........................
####.##.################.########
####.##.# #### #§§§#........#
........# #####..###§§.#.########
........###..####.##..≈#.# #####
...........###...###≈÷≈#.# #....
.........##.#.######§§≈#.####....
.......#.##.≈#.#I.§.####.........
.......#.#.#≈#.#..≈.####.#.#..#..
.......#.#..#.##..##...#.#...###.
.........##.##.#..#.##.#.###..#..
.......#####.#.###.##.≈#.# ##....
.......# #.#.#..###.#.≈#.# ##.##
.......# #.#.##.##.##.##.# ##...#
.......# ##.#..##..#...#.# #†.#..
######## ######..#≈#..##.# #.###.


There were no monsters in sight!

Vanquished Creatures
  the Royal Jelly (Slime:5)
  A seraph (D:10)
  10 pandemonium lords
  4 dread liches
  Khufu (Crypt:1)
  An orb of fire (Zot:5)
  5 ancient liches
  Mara (Vaults:2)
  11 royal mummies
  Josephina (Crypt:3)
  Sojobo (Vaults:3)
  The ghost of Fiowez the Gelid, a veteran HuAl of Hepliaklqana (Zot:3)
  3 Killer Klowns (Zot:5)
  Boris (thrice) (Vaults:1 Crypt:2 Depths:4)
  Bai Suzhen (Shoals:3)
  2 curse toes
  Nikola (Shoals:4)
  8 caustic shrikes
  9 golden dragons
  Jory (Crypt:3)
  5 bone dragons
  A profane servitor (Crypt:3)
  The ghost of Xajash the Gelid, an adept NaEn of Cheibriados (Vaults:2)
  3 doom hounds (Crypt:3)
  2 Brimstone Fiends
  An iron giant (Zig:6)
  The ghost of Qoas the Severer, an adept GnCA of Ignis (Vaults:2)
  3 electric golems
  6 Tzitzimimeh
  9 tentacled monstrosities
  45 Orb Guardians
  4 Ice Fiends
  Zenata (Crypt:3)
  A walking crystal tome (Depths:2)
  5 Hell Sentinels
  A walking divine tome (Depths:2)
  Asterion (Depths:2)
  2 deep elf blademasters
  6 liches
  8 quicksilver dragons
  5 titans
  The ghost of Jeuxtor the Warrior, an adept DrGl of Ashenzari (Spider:2)
  A kraken (Shoals:1)
  3 deep elf master archers (Elf:3)
  Grunn (Crypt:3)
  4 tentacled starspawn
  23 acid blobs
  6 Executioners
  13 sphinxes
  5 ancient champions
  Gastronok (D:12)
  Kirke (Lair:3)
  8 tengu reavers
  16 storm dragons
  The ghost of Qinioff the Earth Mage, an adept GrEE of Gozag (Spider:4)
  Donald (Spider:4)
  12 shadow dragons
  Roxanne (Shoals:3)
  10 death cobs
  4 protean progenitors
  7 draconian monks
  2 demonspawn warmongers (Tomb:1)
  9 rockslimes
  8 draconian knights
  A daeva (Tomb:1)
  7 deep elf sorcerers (Elf:3)
  6 revenants
  Ilsuiw (Shoals:3)
  6 azure jellies
  5 draconian shifters
  4 balrugs
  4 draconian scorchers
  8 emperor scorpions
  12 frost giants
  7 fire giants
  3 deep elf elementalists (Elf:3)
  2 quicksilver elementals (Zig:11)
  2 iron dragons
  9 ghost moths
  17 vault wardens
  2 ghouls
  5 curse skulls
  8 draconian stormcallers
  A caustic shrike zombie (Depths:2)
  A demonspawn corrupter (Tomb:1)
  3 orc warlords
  4 draconian annihilators
  7 reapers
  4 angels
  20 ironbound preservers
  4 cacodemons
  15 quicksilver oozes
  8 formless jellyfish
  7 very ugly things
  17 stone giants
  The ghost of Pixtaico the Unseen, an adept FeNe of Elyvilon (Vaults:2)
  13 green draconians
  2 spriggan defenders
  14 vampire knights
  5 bennus (Tomb:1)
  4 lorocyprocas
  10 deep elf demonologists
  8 ironbound thunderhulks
  9 red draconians
  9 black draconians
  9 deep elf death magi
  6 white draconians
  2 demonspawn black suns (Tomb:1)
  23 yellow draconians
  Azrael (Spider:2)
  A war gargoyle (Vaults:1)
  9 deep elf annihilators (Elf:3)
  10 dire elephants
  5 spark wasps
  5 purple draconians
  Snorg (D:10)
  9 mummy priests
  An iron golem (Zig:11)
  7 merfolk javelineers
  10 merfolk impalers
  4 fire dragons
  8 blizzard demons
  9 eidola
  16 ettins
  5 green deaths
  12 yaktaur captains
  A crystal guardian (Vaults:4)
  7 deep elf high priests
  22 jiangshi
  2 salamander tyrants (Zig:12)
  31 vault guards
  10 rakshasas
  5 hell beasts
  8 entropy weavers
  5 ice dragons
  2 hydras
  3 peacekeepers
  9 great orbs of eyes
  A juggernaut simulacrum (D:14)
  A spriggan skeleton (Tomb:2)
  2 anacondas (Zig:12)
  5 merfolk avatars
  A catoblepas (Lair:5)
  4 radroaches
  15 centaur warriors
  3 satyrs
  5 death knights
  9 ogre magi
  11 ironbound frosthearts
  A merfolk aquamancer (Shoals:4)
  9 spriggan air magi
  A naga warrior (Abyss:2)
  30 dancing weapons
  4 jorogumos
  6 boulder beetles
  26 two-headed ogres
  8 tengu warriors
  8 vampire magi
  9 deep troll earth magi
  4 deep troll shamans
  A titan zombie (Vaults:3)
  16 death yaks
  68 death scarabs
  11 hell knights
  An azure jelly zombie (Crypt:1)
  2 shock serpents (Zig:12)
  An emperor scorpion zombie (Crypt:2)
  An occultist (D:15)
  8 thrashing horrors
  7 demonic crawlers
  A hell hog (Abyss:4)
  20 deep elf knights
  3 orc high priests
  8 spriggan berserkers
  5 skysharks
  6 soul eaters
  7 sun demons
  Nergalle (D:10)
  2 crystal echidnas (Zig:11)
  5 pharaoh ants
  5 iron trolls
  8 shadow wraiths
  3 wretched stars
  3 cherubim
  29 skeletal warriors
  A spectral anaconda (Lair:5)
  A death drake (Abyss:4)
  A quicksilver dragon simulacrum (Depths:3)
  4 glowing orange brains
  3 golden dragon zombies
  2 sixfirhies
  4 spriggan druids (Depths:3)
  A bunyip zombie (Crypt:3)
  4 bog bodies (Crypt:3)
  A mana viper (Abyss:2)
  A shadow demon (D:1)
  5 arcanists
  9 sea snakes
  52 deep trolls
  2 orb spiders
  11 deep elf archers
  5 flayed ghosts
  3 sun moths
  3 obsidian statues
  A golden dragon skeleton (Depths:2)
  A sea snake (shapeshifter) (Vaults:5)
  11 phantasmal warriors
  17 harpies
  24 ironbound convokers
  26 deep elf pyromancers
  13 steelbarb worms
  A wolf spider zombie (Crypt:2)
  A harpy (shapeshifter) (D:14)
  4 orange crystal statues
  A shadow dragon zombie (Vaults:5)
  A spriggan simulacrum (Crypt:3)
  24 wolf spiders
  15 lindwurms
  4 orc knights
  22 deep elf zephyrmancers
  14 necromancers
  A frost giant zombie (Crypt:2)
  3 oklob plants (Zot:1)
  A worldbinder (Abyss:4)
  24 fauns
  A shining eye (shapeshifter) (Vaults:5)
  3 shining eyes
  53 ugly things
  Maurice (D:12)
  12 cyclopes
  5 orc sorcerers
  11 manticores
  3 kobold blastminers
  24 moths of wrath
  6 merfolk sirens
  4 water nymphs (Shoals:4)
  14 black mambas
  A dire elephant zombie (Tomb:3)
  2 centaur zombies
  19 large abominations
  3 guardian serpents
  12 smoke demons
  3 meliai
  3 apocalypse crabs
  8 elephants (Lair:5)
  Joseph (D:10)
  2 eyes of devastation
  6 rust devils
  A torpor snail (shapeshifter) (Vaults:5)
  5 orange demons
  A naga mage (Abyss:2)
  5 torpor snails
  3 ice statues
  A red draconian zombie (Crypt:2)
  16 vault sentinels
  A green draconian zombie (Crypt:2)
  17 cane toads
  2 gargoyles (D:12)
  An unseen horror (shapeshifter) (D:14)
  A human zombie (Vaults:5)
  5 freezing wraiths
  4 centaur skeletons
  2 kobold demonologists (D:12)
  6 hellions
  7 unseen horrors
  25 rime drakes
  2 ice devils
  9 komodo dragons
  A human skeleton (Vaults:3)
  A spark wasp simulacrum (D:14)
  6 tormentors
  7 tengu conjurers
  A death yak zombie (Crypt:1)
  A red draconian skeleton (Crypt:2)
  26 yaktaurs
  A spectral harpy (Crypt:3)
  3 ancient zymes
  4 efreet
  7 hellwings
  11 polar bears (IceCv)
  A queen bee (shapeshifter) (D:15)
  A green draconian skeleton (Crypt:1)
  32 merfolk
  3 red devils
  11 trolls
  2 wolf spider simulacra
  9 guardian mummies
  A tengu simulacrum (Vaults:4)
  9 raiju
  9 hornets
  30 tarantellas
  3 wind drakes
  Grinder (D:4)
  A harpy skeleton (Crypt:1)
  A tarantella zombie (Crypt:1)
  2 iron dragon simulacra
  7 snapping turtles
  7 dream sheep
  10 blink frogs
  2 spriggan zombies
  A glass eye (Slime:3)
  A meliai zombie (D:11)
  A spectral elephant (Lair:5)
  A stone giant simulacrum (D:14)
  24 jumping spiders
  23 spriggans
  59 slime creatures
  A spriggan (shapeshifter) (Abyss:3)
  4 shadows
  7 air elementals
  A culicivora (shapeshifter) (D:13)
  4 centaur simulacra
  4 ushabtiu (Tomb:2)
  15 culicivoras
  4 ynoxinuls
  A dire elephant simulacrum (Crypt:3)
  A slime creature zombie (Crypt:2)
  15 water elementals
  2 elf zombies
  5 wyverns
  10 starcursed masses
  3 hogs (Lair:3)
  8 wargs
  2 neqoxecs
  A death yak simulacrum (Lair:5)
  31 yaks
  3 wraiths
  5 fire elementals
  16 golden eyes
  A yaktaur simulacrum (Vaults:3)
  14 chaos spawn
  49 redbacks
  3 harpy simulacra
  An ogre zombie (Vaults:4)
  2 spectral cane toads (Lair:5)
  2 nagas (Abyss:2)
  A water nymph zombie (Crypt:2)
  3 acid dragons
  10 small abominations
  5 hell hounds
  A faun skeleton (Crypt:1)
  A human simulacrum (Vaults:3)
  7 water moccasins
  3 ice beasts
  An ettin simulacrum (Crypt:3)
  2 elephant zombies (Lair:5)
  31 orc warriors
  A black bear (D:6)
  22 ogres
  14 wolves
  30 laughing skulls
  2 centaurs
  An elephant skeleton (Lair:5)
  2 weeping skulls (Crypt:3)
  4 kobold brigands
  A brain worm (Abyss:3)
  9 bullfrogs
  2 earth elementals (Elf:3)
  A gnoll sergeant (D:10)
  5 scorpions
  4 burial acolytes (Crypt:3)
  5 wights (D:9)
  A water moccasin skeleton (Crypt:1)
  6 killer bees
  4 howler monkeys
  A crimson imp (Abyss:2)
  2 bombardier beetles
  A quasit (Crypt:3)
  5 hounds
  32 jellies
  12 orc priests
  A sleepcap (D:7)
  Ijyb (D:3)
  7 orc wizards
  3 hell rats (Lair:1)
  11 mummies
  2 gnolls
  12 adders
  A shadow imp (Abyss:2)
  3 white imps
  An iguana zombie (Crypt:1)
  An adder skeleton (Crypt:2)
  2 ribbon worms (D:2)
  4 dart slugs
  65 orcs
  3 bats
  6 endoplasms
  6 giant cockroaches
  3 goblins
  6 hobgoblins
  A jackal (D:1)
  15 kobolds
  A quokka (D:2)
  12 ball pythons
  2 frilled lizards (D:3)
  6 rats
  A spectral weapon (Depths:2)
  7 starspawn tentacles
2817 creatures vanquished.

Vanquished Creatures (collateral kills)
  Frederick (Depths:2)
  A dread lich (Zot:5)
  An orb of fire (Zot:5)
  4 royal mummies (Tomb:1)
  A Killer Klown (Zot:5)
  Margery (Vaults:3)
  2 iron giants
  An electric golem (Zig:8)
  A hellephant (Vaults:3)
  A tentacled monstrosity (Zot:4)
  An Ice Fiend (Tomb:1)
  A quicksilver dragon (Zot:4)
  6 Orb Guardians (Zot:5)
  A titan (Zig:6)
  2 acid blobs (Slime:5)
  An Executioner (Tomb:2)
  The ghost of MusterMark the Fighter, a journeyman OnCA of Ignis (D:14)
  A revenant (Tomb:1)
  A daeva (Zot:5)
  A rockslime (Slime:5)
  3 nagarajas (Zig:12)
  An iron dragon (Vaults:5)
  2 reapers
  2 formless jellyfish (Slime:2)
  An ironbound thunderhulk (Vaults:1)
  A dire elephant (Lair:5)
  A lorocyproca (Tomb:1)
  A bennu (Tomb:1)
  A deep elf annihilator (Elf:3)
  A mummy priest (Tomb:2)
  A great orb of eyes (Slime:4)
  A salamander tyrant (Zig:12)
  A deep troll earth mage (Depths:2)
  14 death scarabs
  2 death yaks (Lair:1)
  A spriggan berserker (Depths:2)
  A deep elf knight (Zig:7)
  2 naga sharpshooters (Zig:12)
  A soul eater (Tomb:1)
  A hell knight (Vaults:3)
  A crystal echidna (Zig:11)
  A salamander mystic (Zig:12)
  3 skeletal warriors
  A shadow demon (Tomb:2)
  2 orb spiders
  2 arcanists
  4 deep trolls
  A naga ritualist (Zig:12)
  A mana viper (Zig:12)
  2 necromancers (Vaults:3)
  A deep elf archer (Elf:2)
  A fenstrider witch simulacrum (Tomb:2)
  A spectral spriggan (D:14)
  An ugly thing (IceCv)
  5 deep elf zephyrmancers
  A wolf spider (Spider:4)
  2 shining eyes
  A faun (Shoals:4)
  A moth of wrath (Zot:2)
  A meliai (Spider:4)
  3 naga magi (Zig:12)
  2 torpor snails (Zig:5)
  3 elephants (Lair:5)
  An ice statue (Zig:8)
  2 smoke demons
  A storm dragon simulacrum (D:14)
  A hellion (Zig:11)
  2 cane toads
  A tormentor (Zot:5)
  8 guardian mummies
  A troll (D:10)
  5 hellwings
  A polar bear (IceCv)
  A harpy skeleton (Tomb:2)
  A merfolk (Shoals:4)
  A tarantella (Spider:4)
  A glass eye (Slime:2)
  A dream sheep (Shoals:4)
  2 jumping spiders
  12 slime creatures
  4 ushabtiu (Tomb:2)
  Sigmund (D:4)
  12 yaks
  A dire elephant simulacrum (Lair:5)
  A hog (Lair:3)
  6 redbacks
  2 nameless horrors
  3 water moccasins
  6 orc warriors
  An ice beast (D:8)
  An ogre (D:11)
  A wolf (Orc:2)
  A bullfrog (Lair:2)
  5 wights (D:9)
  3 killer bees (D:8)
  3 orc priests
  2 jellies
  3 orc wizards
  3 hell rats (Lair:1)
  18 mummies
  6 gnolls
  17 orcs
  3 kobolds (D:8)
  A quokka (D:4)
256 creatures vanquished.

Vanquished Creatures (others)
  14 royal mummies
  Boris (Tomb:3)
  2 Killer Klowns (Zot:5)
  A Tzitzimitl (Tomb:3)
  2 pandemonium lords
  2 Brimstone Fiends
  An electric golem (Zot:5)
  A tentacled monstrosity (Zot:5)
  5 Orb Guardians
  3 liches (Tomb:1)
  A death cob (Zot:4)
  4 ancient champions
  A tentacled starspawn (Abyss:4)
  A shadow dragon (Zot:5)
  A draconian knight (Zot:2)
  2 protean progenitors (Zot:5)
  A stone giant (Vaults:5)
  A cacodemon (Tomb:1)
  A deep elf death mage (Crypt:1)
  A black draconian (Zot:5)
  A white draconian (Zot:5)
  2 spark wasps (Zot:5)
  A green death (Tomb:1)
  13 mummy priests
  A centaur warrior (D:13)
  13 death scarabs (Tomb:3)
  A tengu warrior (Depths:2)
  A deep troll shaman (Depths:2)
  A soul eater (Tomb:1)
  A skeletal warrior (Tomb:2)
  A hell knight (Vaults:5)
  A sixfirhy (Tomb:1)
  A deep troll (Depths:3)
  A cherub (Tomb:1)
  A large abomination (Abyss:3)
  An ironbound convoker (Vaults:5)
  2 deep elf zephyrmancers
  An ugly thing (D:13)
  2 fauns (Shoals:4)
  A moth of wrath (Zot:5)
  A dire elephant zombie (Tomb:3)
  3 orange demons
  2 smoke demons
  An ice devil (Tomb:1)
  A red devil (Tomb:1)
  19 guardian mummies
  A tormentor (Tomb:1)
  A hellwing (Tomb:3)
  A shadow (D:11)
  5 ushabtiu (Tomb:2)
  2 golden eyes (Abyss:3)
  2 chaos spawn (Tomb:1)
  3 laughing skulls
  A small abomination (Abyss:3)
  A starcursed mass (Abyss:4)
  An iron imp (Tomb:1)
  21 mummies
  14 ball lightnings (Tomb:1)
  179 blazeheart cores
  8 starspawn tentacles
  4 tentacles (Shoals:1)
364 creatures vanquished.

Grand Total: 3437 creatures vanquished

Notes
Turn   | Place    | Note
-------+----------+-------------------------------------------
     0 | D:1      | ragingrage the Octopode Brigand began the quest for the
                  | Orb.
     0 | D:1      | Reached XP level 1. HP: 14/14 MP: 1/1
   316 | D:1      | Found a faded altar of an unknown god.
   332 | D:1      | Reached XP level 2. HP: 10/19 MP: 2/2
  1056 | D:2      | Reached XP level 3. HP: 24/24 MP: 3/3
  1303 | D:2      | Reached XP level 4. HP: 19/29 MP: 4/4
  1729 | D:3      | Found a white marble altar of Elyvilon.
  2029 | D:3      | Noticed Ijyb
  2041 | D:3      | Killed Ijyb
  2042 | D:3      | Reached skill level 2 in Dodging
  2042 | D:3      | Reached XP level 5. HP: 15/35 MP: 5/5
  2610 | D:4      | Noticed Sigmund
  2702 | D:4      | Noticed Grinder
  2727 | D:4      | Reached skill level 5 in Short Blades
  2727 | D:4      | Reached XP level 6. HP: 42/42 MP: 6/6
  2782 | D:4      | Paralysed by Grinder for 4 turns
  2790 | D:4      | Paralysed by Grinder for 4 turns
  2967 | D:4      | Found a staircase to the Ecumenical Temple.
  2999 | D:4      | Killed Sigmund
  3000 | D:4      | Reached skill level 3 in Dodging
  3033 | D:4      | Reached XP level 7. HP: 23/46 MP: 7/7
  3044 | D:5      | Entered Level 5 of the Dungeon
  3201 | D:5      | Found a blossoming altar of Fedhas.
  3268 | D:5      | Found an ancient bone altar of Kikubaaqudgha.
  3365 | D:5      | Learned a level 3 spell: Call Canine Familiar
  3559 | D:5      | Reached skill level 1 in Summonings
  3572 | Temple   | Entered the Ecumenical Temple
  3593 | Temple   | Became a worshipper of Gozag Ym Sagoz the Greedy
  4004 | D:5      | Found a snail-covered altar of Cheibriados.
  4684 | D:6      | Reached XP level 8. HP: 18/52 MP: 8/8
  4873 | D:6      | Learned a level 4 spell: Summon Blazeheart Golem
  5118 | D:6      | Reached skill level 1 in Fire Magic
  6373 | D:7      | Found a bloodstained altar of Trog.
  6564 | D:7      | Reached XP level 9. HP: 56/56 MP: 2/9
  6735 | D:7      | Reached skill level 5 in Summonings
  7359 | D:8      | Found a broken altar of Ashenzari.
  7389 | D:8      | Reached skill level 1 in Spellcasting
  7543 | D:8      | Noticed a hornet
  7555 | D:8      | Killed a hornet
  7883 | D:8      | Reached skill level 4 in Dodging
  8680 | D:8      | Reached skill level 5 in Dodging
  9037 | D:9      | Reached skill level 1 in Shapeshifting
  9108 | D:9      | Noticed a lindwurm
  9131 | D:9      | Noticed a lindwurm
  9182 | D:9      | Reached XP level 10. HP: 37/65 MP: 6/13
  9648 | D:9      | Found a staircase to the Orcish Mines.
  9789 | D:9      | Noticed a lindwurm
 10071 | D:10     | Entered Level 10 of the Dungeon
 10231 | D:10     | Reached skill level 5 in Fire Magic
 10291 | D:10     | Reached skill level 5 in Fighting
 10292 | D:10     | Noticed Snorg
 10349 | D:10     | Noticed Nergalle
 10775 | D:11     | Noticed an unseen horror
 10793 | D:11     | Killed an unseen horror
 10887 | D:11     | Noticed a two-headed ogre
 10898 | D:11     | Killed a two-headed ogre
 11053 | D:10     | Found a staircase to the Lair.
 11138 | D:10     | Noticed Joseph
 11383 | D:10     | Killed Nergalle
 11477 | D:10     | Killed Snorg
 11478 | D:10     | Reached skill level 5 in Shapeshifting
 11478 | D:10     | Reached XP level 11. HP: 75/75 MP: 4/14
 11691 | D:10     | Found an ornate altar of the Wu Jian Council.
 12385 | D:11     | Noticed a skeletal warrior
 12385 | D:11     | Noticed a skeletal warrior
 12385 | D:11     | Noticed a skeletal warrior
 12641 | D:11     | Noticed a two-headed ogre
 12720 | D:11     | Killed a two-headed ogre
 12788 | D:11     | Killed a skeletal warrior
 12820 | D:11     | Killed a skeletal warrior
 13103 | D:11     | HP: 2/75 [spore (53)]
 13713 | D:11     | Noticed a two-headed ogre
 13725 | D:11     | Killed a two-headed ogre
 13831 | D:11     | Killed a skeletal warrior
 13832 | D:11     | Reached XP level 12. HP: 84/84 MP: 4/15
 15426 | D:4      | Killed Grinder
 15999 | D:12     | Noticed a boulder beetle
 16042 | D:12     | Noticed Gastronok
 16093 | Lair:1   | Entered Level 1 of the Lair of Beasts
 16538 | Lair:1   | Reached skill level 10 in Shapeshifting
 16752 | Lair:1   | Learned a level 2 spell: Ensorcelled Hibernation
 16756 | Lair:1   | Learned a level 3 spell: Passwall
 16757 | Lair:1   | Noticed a death yak
 16757 | Lair:1   | Noticed a death yak
 16781 | Lair:1   | Noticed a death yak
 16786 | Lair:1   | Noticed a death yak
 16790 | Lair:1   | Killed a death yak
 16792 | Lair:1   | Noticed a death yak
 16809 | Lair:1   | Killed a death yak
 16809 | Lair:1   | Killed a death yak
 16810 | Lair:1   | Reached skill level 1 in Hexes
 16810 | Lair:1   | Reached skill level 1 in Ice Magic
 16810 | Lair:1   | Reached skill level 1 in Earth Magic
 16819 | Lair:1   | Killed a death yak
 16828 | Lair:1   | Killed a death yak
 17686 | Lair:1   | Reached XP level 13. HP: 90/90 MP: 9/16
 19080 | Lair:2   | Found a hole to the Spider Nest.
 20181 | Lair:3   | Noticed Sonja
 20184 | Lair:3   | Sonja changed into Sonja the acid dragon
 20184 | Lair:3   | Noticed Sonja
 20361 | Lair:3   | Noticed Kirke
 20584 | Lair:2   | Killed Sonja the acid dragon
 21442 | Lair:3   | Killed Kirke
 21829 | Lair:3   | Found a staircase to the Shoals.
 22823 | Lair:4   | Identified the +5 arbalest "Ozxoef" {heavy, rN+ Dex+6}
 23351 | Lair:5   | Entered Level 5 of the Lair of Beasts
 23604 | Lair:5   | Reached XP level 14. HP: 97/97 MP: 6/17
 23781 | Lair:5   | Reached skill level 1 in Long Blades
 23952 | Lair:5   | Found a staircase to the Slime Pits.
 23952 | Lair:5   | Found a viscous altar of Jiyva.
 23996 | Lair:5   | Reached skill level 15 in Shapeshifting
 24128 | Lair:5   | Identified the +2 shortbow "Dawoisebb" {drain, rN+ Dex+3}
 24681 | Lair:5   | Noticed a dire elephant
 24681 | Lair:5   | Noticed a dire elephant
 24722 | Lair:5   | Reached skill level 5 in Long Blades
 24859 | Lair:5   | Identified the staff of Tucva {rN+ SInv Hexes Necro}
 25008 | Lair:5   | Noticed a dire elephant
 25011 | Lair:5   | Killed a dire elephant
 25525 | Lair:5   | Killed a dire elephant
 25571 | Lair:5   | Killed a dire elephant
 25861 | D:10     | Killed Joseph
 25989 | Orc:1    | Entered Level 1 of the Orcish Mines
 26064 | Orc:1    | Reached XP level 15. HP: 101/101 MP: 15/18
 26381 | Orc:1    | Found a roughly hewn altar of Beogh.
 26555 | Orc:2    | Entered Level 2 of the Orcish Mines
 26744 | Orc:2    | Found Zukiel's Weapon Shop.
 26744 | Orc:2    | Found a staircase to the Elven Halls.
 26746 | Orc:2    | Found Feipan's Assorted Antiques.
 26747 | Orc:2    | Found Zunimnep's Distillery.
 27130 | Orc:2    | Found Pefuy's Antique Armour Boutique.
 27364 | Orc:2    | Bought a bubbling ruby potion for 28 gold pieces
 27364 | Orc:2    | Bought a fizzy coppery potion for 28 gold pieces
 27364 | Orc:2    | Bought a scroll labelled GOIRPH WARAO for 32 gold pieces
 27364 | Orc:2    | Bought a scroll of blinking for 240 gold pieces
 27386 | Orc:2    | Reached skill level 6 in Dodging
 27428 | Orc:2    | Found Ulatun's Mass Market.
 27437 | Orc:2    | Bought a potion of curing for 45 gold pieces
 27437 | Orc:2    | Bought a potion of magic for 120 gold pieces
 27437 | Orc:2    | Bought a potion of brilliance for 60 gold pieces
 27437 | Orc:2    | Bought a potion of lignification for 45 gold pieces
 28086 | D:12     | Noticed Maurice
 28093 | D:12     | Killed Maurice
 28104 | D:12     | Killed Gastronok
 28327 | D:12     | Reached skill level 10 in Long Blades
 28601 | D:12     | Identified the +0 long sword "Grom" {freeze, rCorr Str+3}
 29019 | D:13     | Reached skill level 10 in Fighting
 29427 | Lair:5   | Gained mutation: You do not regenerate when monsters are
                  | visible. [a neqoxec]
 29437 | Lair:5   | Gained mutation: You are frail. (-10% HP) [a neqoxec]
 29443 | Lair:5   | Gained mutation: You are occasionally teleported next to
                  | monsters. [a neqoxec]
 29625 | D:10     | Lost mutation: You are occasionally teleported next to
                  | monsters. [potion of mutation]
 29625 | D:10     | Lost mutation: You do not regenerate when monsters are
                  | visible. [potion of mutation]
 29625 | D:10     | Gained mutation: Your spells are a little harder to cast,
                  | but a little more powerful. [potion of mutation]
 29625 | D:10     | Gained mutation: Your body sometimes deteriorates upon
                  | taking damage. [potion of mutation]
 29840 | D:13     | Reached skill level 1 in Shields
 29890 | D:13     | Learned a level 4 spell: Vhi's Electric Charge
 29918 | D:13     | Reached skill level 7 in Dodging
 30075 | D:13     | Reached skill level 1 in Evocations
 30256 | D:13     | Reached XP level 16. HP: 98/98 MP: 19/19
 30416 | D:14     | Found a gate to the Vaults.
 30497 | D:14     | Found a runed translucent gate.
 30497 | D:14     | Found a runed translucent gate.
 30498 | D:14     | Found a runed translucent gate.
 30514 | D:14     | Noticed MusterMark's ghost (journeyman OnCA)
 31276 | D:15     | Entered Level 15 of the Dungeon
 31328 | D:15     | Identified 2 scrolls of acquirement
 31328 | D:15     | Acquired the +3 buckler "Kumaoc" {rF+ rN+ Int+4}
 31388 | D:15     | Noticed Nessos
 31389 | D:15     | Nessos changed into Nessos the lindwurm
 31389 | D:15     | Noticed Nessos
 31401 | D:15     | Killed Nessos the lindwurm
 31581 | D:15     | Reached skill level 8 in Dodging
 31806 | D:15     | Found a staircase to the Depths.
 32411 | Spider:1 | Entered Level 1 of the Spider Nest
 32771 | Spider:1 | Reached skill level 5 in Shields
 32779 | Spider:1 | Reached skill level 5 in Evocations
 33052 | Spider:1 | Reached skill level 5 in Spellcasting
 33073 | Spider:1 | Reached XP level 17. HP: 99/103 MP: 24/24
 33090 | Spider:1 | Learned a level 1 spell: Apportation
 33367 | Spider:2 | Noticed Azrael
 33407 | Spider:1 | Reached skill level 1 in Translocations
 33463 | Spider:2 | Killed Azrael
 33771 | Spider:2 | Reached skill level 10 in Summonings
 34463 | Spider:2 | Found a runed translucent door.
 34464 | Spider:2 | Noticed Jeuxtor's ghost (adept DrGl)
 34609 | Spider:3 | Found a glacial archway.
 34667 | Spider:3 | Acquired the +0 buckler "Fit Vauss" {rPois rN++ Regen+
                  | Str-4}
 34671 | IceCv    | Entered an ice cave
 36296 | Spider:4 | Entered Level 4 of the Spider Nest
 36307 | Spider:4 | Reached XP level 18. HP: 109/109 MP: 6/25
 36430 | Spider:3 | Reached skill level 10 in Evocations
 36458 | Spider:3 | Reached skill level 9 in Dodging
 36622 | Spider:4 | Noticed Donald
 36704 | Spider:4 | Reached skill level 1 in Air Magic
 36771 | Spider:4 | Killed Donald
 37039 | Spider:4 | Found a runed translucent door.
 37041 | Spider:4 | Noticed Qinioff's ghost (adept GrEE)
 37803 | Spider:4 | Got a gossamer rune of Zot
 38581 | Shoals:1 | Entered Level 1 of the Shoals
 38844 | Shoals:1 | Reached skill level 5 in Translocations
 38989 | Shoals:1 | Reached skill level 10 in Dodging
 39869 | Shoals:2 | Identified the +6 spear "Kovosys" {antimagic, +Blink rC+
                  | Str+2}
 40115 | Shoals:3 | Noticed Ilsuiw
 40120 | Shoals:4 | Entered Level 4 of the Shoals
 40139 | Shoals:4 | Reached XP level 19. HP: 117/117 MP: 26/26
 40250 | Shoals:4 | Noticed Nikola
 40479 | Shoals:3 | Noticed Bai Suzhen
 40501 | Shoals:3 | Killed Bai Suzhen
 40784 | Shoals:3 | Noticed Roxanne
 40833 | Shoals:3 | Killed Ilsuiw
 40895 | Shoals:3 | Killed Roxanne
 40982 | Shoals:3 | Learned a level 6 spell: Summon Cactus Giant
 41315 | Shoals:4 | Killed Nikola
 41324 | Shoals:4 | Reached skill level 11 in Dodging
 41822 | Shoals:4 | Got a barnacled rune of Zot
 42710 | Elf:1    | Entered Level 1 of the Elven Halls
 43232 | Elf:1    | Paralysed by an air elemental for 1 turns
 43256 | Elf:1    | Reached skill level 5 in Air Magic
 43322 | Elf:1    | Found Xocwueto's General Store.
 43330 | Elf:1    | Bought a scroll of immolation for 60 gold pieces
 43400 | Elf:1    | Reached skill level 12 in Dodging
 43747 | Elf:2    | Noticed an Ice Fiend
 43866 | Elf:2    | Reached XP level 20. HP: 126/126 MP: 27/27
 43942 | Elf:2    | Found a runed translucent gate.
 43942 | Elf:2    | Found a runed translucent gate.
 43944 | Elf:2    | Found a runed translucent gate.
 44319 | Elf:3    | Entered Level 3 of the Elven Halls
 44567 | Elf:3    | Reached skill level 13 in Dodging
 44741 | Elf:3    | Found Vyod Gubrog's Antique Weapon Boutique.
 44747 | Elf:3    | Bought a glowing double sword for 738 gold pieces
 44976 | Elf:3    | Paralysed by an air elemental for 1 turns
 45263 | Elf:3    | Reached skill level 14 in Dodging
 46490 | Elf:3    | Identified the +11 dagger "Qoorphaff" {flame, +Blink rC++
                  | MP+9}
 46679 | Elf:3    | Got the Enchiridion on the Molten Cumulonimbus
 46741 | Elf:3    | Got the Compendium of Austromancy and the Inferno
 46749 | Elf:3    | Got Vehumet's Volume of Bolts
 46753 | Elf:3    | Identified the +8 longbow "Efuoff" {elec, rPois Int-3 Dex+8
                  | Stlth-}
 46778 | Elf:3    | Identified the +5 quarterstaff of the Walnut {flame, Will+
                  | Int+4 Dex-3}
 46780 | Elf:3    | Identified the +4 spear of Bibrajef {flame, rElec rN+++
                  | rCorr Str-2}
 46889 | Elf:3    | Found Vyod Gubrog's Antique Weapon Boutique.
 47565 | Vaults:1 | Entered Level 1 of the Vaults
 47579 | Vaults:1 | Found Udunam's Distillery.
 47586 | Vaults:1 | Reached skill level 15 in Dodging
 47622 | Vaults:1 | Bought a potion of heal wounds for 85 gold pieces
 47791 | Vaults:1 | Identified the +2 robe "Aphaoqos" {Str+5}
 47791 | Vaults:1 | Noticed Boris
 47821 | Vaults:1 | Killed Boris
 47898 | Vaults:1 | Reached XP level 21. HP: 134/134 MP: 30/30
 48621 | Vaults:1 | Reached skill level 15 in Fighting
 49753 | Vaults:2 | Noticed a dread lich
 49766 | Vaults:2 | Noticed Pixtaico's ghost (adept FeNe)
 49770 | Vaults:2 | Noticed Xajash's ghost (adept NaEn)
 49772 | Vaults:2 | Noticed Qoas's ghost (adept GnCA)
 49777 | Vaults:2 | Found a transporter.
 49801 | Vaults:2 | Found a transporter.
 50081 | Vaults:2 | Found a staircase to the Crypt.
 50258 | Vaults:2 | Noticed Mara
 50265 | Vaults:2 | Noticed ragingrage's illusion
 50295 | Vaults:2 | Killed Mara
 51185 | Vaults:3 | Reached XP level 22. HP: 144/144 MP: 34/34
 51547 | Vaults:3 | Reached skill level 16 in Dodging
 51569 | Vaults:3 | Reached skill level 10 in Stealth
 51829 | Vaults:3 | Noticed Margery
 51841 | Vaults:3 | Killed Margery
 52001 | Vaults:3 | Noticed Sojobo
 52011 | Vaults:3 | Killed Sojobo
 52831 | Vaults:4 | Found Josuw's Weapon Shoppe.
 53488 | D:14     | Killed MusterMark's ghost
 53702 | Depths:1 | Entered Level 1 of the Depths
 53714 | Depths:1 | Paralysed by a Zot trap for 5 turns
 54183 | Depths:1 | Upgraded the game from 0.32-a0-473-gd044c6f0f0 to
                  | 0.32-a0-485-g70f7560b1c
 54188 | Depths:1 | Reached skill level 17 in Dodging
 54297 | Depths:1 | Found a transporter.
 54301 | Depths:1 | Reached skill level 10 in Translocations
 54301 | Depths:1 | Found a transporter.
 54353 | Depths:1 | Found a transporter.
 54501 | Depths:1 | Found a gateway to Hell.
 54547 | Depths:1 | Found a one-way gate to the infinite horrors of the Abyss.
 54748 | Depths:1 | Found a transporter.
 55030 | Depths:2 | Found a transporter.
 55118 | Depths:2 | Found a transporter.
 55139 | Depths:2 | Reached XP level 23. HP: 148/148 MP: 35/35
 55179 | Depths:2 | Found Gawimoh's Armour Shoppe.
 55484 | Depths:2 | Noticed Asterion
 55495 | Depths:2 | Killed Asterion
 55708 | Depths:2 | Found a one-way gate leading to the halls of Pandemonium.
 56071 | Depths:3 | Found Miet Rae's Weapon Boutique.
 56160 | Depths:3 | Identified the orb of the Date {light, Rampage Str-3 Air}
 56160 | Depths:3 | Noticed Frederick
 56248 | Depths:2 | Killed Frederick
 56480 | Depths:3 | Found Boroan's Jewellery Emporium.
 56481 | Depths:3 | Found Fitzaqe's Book Shop.
 56482 | Depths:3 | Found Equuzero's Jewellery Emporium.
 56492 | Depths:3 | Bought the amulet of Vitality {RegenMP++ Regen++} for 1400
                  | gold pieces
 56492 | Depths:3 | Found the amulet of Vitality {RegenMP++ Regen++}
 56508 | Depths:3 | Bought the ring of Kitihoc {rN+ Will++ EV+5 Str-3 Int+4}
                  | for 1266 gold pieces
 57600 | Depths:4 | Entered Level 4 of the Depths
 57655 | Depths:4 | Noticed a caustic shrike
 57655 | Depths:4 | Noticed a caustic shrike
 57697 | Depths:3 | Bought a ring of resist corrosion for 400 gold pieces
 57730 | Depths:4 | Reached skill level 5 in Earth Magic
 57743 | Depths:4 | Found a one-way gateway to a ziggurat.
 57873 | Depths:4 | Killed a caustic shrike
 57900 | Depths:4 | Noticed a caustic shrike
 57902 | Depths:4 | Noticed a caustic shrike
 57915 | Depths:4 | Killed a caustic shrike
 57916 | Depths:4 | Killed a caustic shrike
 57951 | Depths:4 | Found an opulent altar of Gozag.
 58686 | Depths:4 | Found a gate to the Realm of Zot.
 58812 | Depths:4 | Reached skill level 18 in Dodging
 58843 | Depths:4 | Found Guasiqynes's Antique Armour Boutique.
 59814 | Vaults:5 | Entered Level 5 of the Vaults
 59856 | Vaults:5 | Noticed a golden dragon
 59880 | Vaults:5 | Reached XP level 24. HP: 162/162 MP: 35/35
 59996 | Vaults:5 | Noticed an ancient lich
 60011 | Vaults:5 | Killed an ancient lich
 60019 | Vaults:5 | Identified the ring "Zizxeck" {Fire Int+2}
 60048 | Vaults:5 | Reached skill level 15 in Evocations
 60050 | Vaults:5 | Reached skill level 19 in Dodging
 60286 | Vaults:5 | Got a silver rune of Zot
 60837 | Vaults:5 | Found Ruaruv's Antique Weapon Boutique.
 61161 | Vaults:5 | Found Vuafet's Jewellery Shoppe.
 61165 | Vaults:5 | Bought a ring of protection from cold for 425 gold pieces
 61174 | Vaults:5 | Found Ughua's General Store.
 61178 | Vaults:5 | Bought a potion of cancellation for 120 gold pieces
 61178 | Vaults:5 | Bought a scroll of teleportation for 45 gold pieces
 61178 | Vaults:5 | Bought a scroll of fog for 60 gold pieces
 61574 | Vaults:5 | Found Rearomm's Distillery.
 61580 | Vaults:5 | Bought a potion of heal wounds for 55 gold pieces
 61580 | Vaults:5 | Bought a potion of heal wounds for 55 gold pieces
 61580 | Vaults:5 | Bought a potion of brilliance for 44 gold pieces
 61580 | Vaults:5 | Bought a potion of brilliance for 44 gold pieces
 61580 | Vaults:5 | Bought a potion of mutation for 88 gold pieces
 62270 | Crypt:1  | Entered Level 1 of the Crypt
 62270 | Crypt:1  | Noticed a dread lich
 62270 | Crypt:1  | Found a transporter.
 62411 | Crypt:1  | Found a shimmering blue altar of Sif Muna.
 62569 | Crypt:1  | Noticed a royal mummy
 62571 | Crypt:1  | Noticed a royal mummy
 62571 | Crypt:1  | Noticed a royal mummy
 62573 | Crypt:1  | Noticed Khufu
 62580 | Crypt:1  | Killed a royal mummy
 62580 | Crypt:1  | Killed a royal mummy
 62583 | Crypt:1  | Killed a royal mummy
 62584 | Crypt:1  | Reached skill level 20 in Dodging
 62587 | Crypt:1  | Killed Khufu
 62588 | Crypt:1  | Reached XP level 25. HP: 69/172 MP: 35/35
 62887 | Crypt:1  | Noticed an ancient lich
 63082 | Crypt:2  | Identified the +3 robe "Zaunuh" {Int+3 Dex+3 Archmagi}
 63082 | Crypt:2  | Noticed Boris
 63098 | Crypt:2  | Killed Boris
 63432 | Crypt:2  | Identified the +4 tower shield of Acies {rElec Dex+4 SInv}
 63582 | Crypt:2  | Identified the +1 scale mail "Deacimuq" {rF+ Str+2}
 63776 | Crypt:2  | Reached skill level 21 in Dodging
 64037 | Crypt:3  | Entered Level 3 of the Crypt
 64230 | Crypt:3  | Found a basalt altar of Yredelemnul.
 64231 | Crypt:3  | Noticed Grunn
 64256 | Crypt:3  | Killed Grunn
 64392 | Crypt:3  | Noticed Zenata
 64431 | Crypt:3  | Reached skill level 22 in Dodging
 64509 | Crypt:3  | Identified the ring of Qiompall {Ice Will++ Int+5 Dex-5}
 64509 | Crypt:3  | Noticed Josephina
 64576 | Crypt:3  | Killed Josephina
 64808 | Crypt:3  | Killed Zenata
 64847 | Crypt:3  | Noticed Jory
 64871 | Crypt:3  | Killed Jory
 64927 | Crypt:3  | Got Dopoess's Book of Wicked Secrets
 64949 | Crypt:3  | Learned a level 6 spell: Death Channel
 65001 | Crypt:3  | Got the Notes on the Sinister Retinue
 65097 | Crypt:3  | Reached skill level 1 in Necromancy
 65118 | Crypt:3  | Identified the ring of Reigh {Fire rN++ Int+4}
 65118 | Crypt:3  | Identified the ring "Ongadis" {rPois rF+ rN+ rCorr}
 65118 | Crypt:3  | Identified the ring "Xukkoihi" {rN++ MP-9 EV+5 Int+5 Dex+3}
 65146 | Crypt:3  | Identified the +8 battleaxe "Xumaf" {venom, Str+4 Dex+3}
 65196 | Crypt:3  | Found a staircase to the Tomb.
 65207 | Crypt:3  | Got the Book of Incineration
 65226 | Crypt:3  | Learned a level 3 spell: Fugue of the Fallen
 65661 | Depths:1 | Voluntarily entered the Abyss.
 65851 | Abyss:2  | Found a corrupted altar of Lugonu.
 65944 | Abyss:2  | Noticed an ancient lich
 65947 | Abyss:2  | Killed an ancient lich
 65951 | Abyss:2  | Found a corrupted altar of Lugonu.
 66058 | Depths:1 | Escaped the Abyss
 66068 | Depths:1 | Voluntarily entered the Abyss.
 66185 | Abyss:3  | Found a corrupted altar of Lugonu.
 66195 | Abyss:3  | Found a corrupted altar of Lugonu.
 66195 | Abyss:3  | Found a corrupted altar of Lugonu.
 66417 | Abyss:3  | Reached XP level 26. HP: 179/179 MP: 26/35
 66487 | Abyss:3  | Paralysed by accursed screaming for 2 turns
 66501 | Abyss:3  | Gained mutation: You occasionally lose the ability to read
                  | scrolls when taking damage. [a cacodemon]
 66505 | Abyss:3  | Gained mutation: You are clumsy. (Dex -2) [a cacodemon]
 66506 | Abyss:3  | Noticed a dread lich
 66511 | Abyss:3  | Gained mutation: You are very frail. (-20% HP) [a
                  | cacodemon]
 66595 | Abyss:4  | Found a corrupted altar of Lugonu.
 66598 | Abyss:4  | Found a corrupted altar of Lugonu.
 66695 | Abyss:4  | Lost mutation: You are clumsy. (Dex -2) [potion of
                  | mutation]
 66695 | Abyss:4  | Lost mutation: Your spells are a little harder to cast, but
                  | a little more powerful. [potion of mutation]
 66695 | Abyss:4  | Lost mutation: You are very frail. (-20% HP) [potion of
                  | mutation]
 66695 | Abyss:4  | Lost mutation: You are frail. (-10% HP) [potion of
                  | mutation]
 66695 | Abyss:4  | Gained mutation: You are clumsy. (Dex -2) [potion of
                  | mutation]
 66695 | Abyss:4  | Gained mutation: You are partially covered in iridescent
                  | scales. (AC +2) [potion of mutation]
 66696 | Abyss:4  | Lost mutation: You are partially covered in iridescent
                  | scales. (AC +2) [potion of mutation]
 66696 | Abyss:4  | Lost mutation: You are clumsy. (Dex -2) [potion of
                  | mutation]
 66696 | Abyss:4  | Lost mutation: You occasionally lose the ability to read
                  | scrolls when taking damage. [potion of mutation]
 66696 | Abyss:4  | Gained mutation: You occasionally shout uncontrollably at
                  | your foes. [potion of mutation]
 66697 | Abyss:4  | Noticed an ancient lich
 66710 | Abyss:4  | Killed an ancient lich
 66818 | Abyss:4  | Found a corrupted altar of Lugonu.
 66820 | Abyss:4  | Got an abyssal rune of Zot
 66863 | Depths:1 | Escaped the Abyss
 67240 | Elf:2    | Reached skill level 5 in Necromancy
 67901 | Spider:2 | Killed Jeuxtor's ghost
 67983 | Spider:4 | Killed Qinioff's ghost
 68349 | Vaults:2 | Killed Pixtaico's ghost
 68354 | Vaults:2 | Killed a dread lich
 68383 | Vaults:2 | Killed Xajash's ghost
 68402 | Vaults:2 | Killed Qoas's ghost
 68409 | Vaults:2 | Acquired the ring of Xossag {rF++ AC+4}
 68936 | Vaults:5 | Noticed a dread lich
 68944 | Vaults:5 | Killed a dread lich
 68980 | Vaults:5 | Bought the +10 zealot's sword {holy, Zealotry, *Rage rN+
                  | EV+3} for 2845 gold pieces
 68980 | Vaults:5 | Found the +10 zealot's sword {holy, Zealotry, *Rage rN+
                  | EV+3}
 69319 | Crypt:1  | Killed an ancient lich
 69320 | Crypt:1  | Reached skill level 23 in Dodging
 69322 | Crypt:1  | Killed a dread lich
 69397 | Crypt:1  | Found a transporter.
 70144 | Depths:2 | Identified the ring of Xom's Flight of Fancy {Wiz Will+
                  | Str+3}
 70161 | Depths:2 | Identified the ring of Spring {Fire Int+2}
 70357 | Zot:1    | Entered Level 1 of the Realm of Zot
 70420 | Zot:1    | Reached skill level 10 in Shields
 70426 | Zot:1    | Reached XP level 27. HP: 205/205 MP: 27/36
 70796 | Zot:1    | Reached skill level 10 in Spellcasting
 71278 | Zot:1    | You fall into a shaft and drop 1 floor!
 72027 | Zot:1    | Identified the +2 cloak of the Salamander {rF- rN+ rCorr}
 72034 | Zot:1    | Found a transporter.
 72116 | Zot:1    | Noticed Tiejaxt's ghost (master TeAE)
 72119 | Zot:1    | Found a bloodstained altar of Trog.
 72139 | Zot:1    | Found a transporter.
 72146 | Zot:1    | Identified the +0 cloak of Inaction {Will+ Str+2 Stlth-}
 72146 | Zot:1    | Identified the amulet "Woegon" {Faith rN+ Will- Dex+5}
 72597 | Zot:3    | Got Sif Muna's Textbook on Composition
 72752 | Zot:3    | Reached skill level 10 in Necromancy
 73239 | Zot:3    | Found a runed translucent gate.
 73239 | Zot:3    | Found a runed translucent gate.
 73239 | Zot:3    | Found a runed translucent gate.
 73241 | Zot:3    | Noticed Fiowez's ghost (veteran HuAl)
 73366 | Zot:3    | Killed Fiowez's ghost
 73499 | Zot:4    | Reached skill level 24 in Dodging
 74242 | Zot:4    | Acquired the +1 hat of Duty {Dex+4}
 74793 | Zot:5    | Entered Level 5 of the Realm of Zot
 75144 | Zot:5    | Noticed an ancient lich
 75147 | Zot:5    | Noticed a dread lich
 75153 | Zot:5    | Noticed an orb of fire
 75153 | Zot:5    | Gained mutation: You sometimes lose your temper in combat.
                  | [an orb of fire]
 75162 | Zot:5    | Gained mutation: You are occasionally teleported next to
                  | monsters. [an orb of fire]
 75168 | Zot:5    | Killed an orb of fire
 75182 | Zot:5    | Killed a dread lich
 75195 | Zot:5    | Killed an ancient lich
 75233 | Zot:5    | Noticed an orb of fire
 75233 | Zot:5    | Noticed a dread lich
 75245 | Zot:5    | Reached skill level 15 in Shields
 75658 | Zot:5    | Lost mutation: You are occasionally teleported next to
                  | monsters. [potion of mutation]
 75658 | Zot:5    | Lost mutation: You sometimes lose your temper in combat.
                  | [potion of mutation]
 75658 | Zot:5    | Lost mutation: Your body sometimes deteriorates upon taking
                  | damage. [potion of mutation]
 75658 | Zot:5    | Gained mutation: Your spells are a little harder to cast,
                  | but a little more powerful. [potion of mutation]
 75658 | Zot:5    | Gained mutation: Your muscles are strong. (Str +4, Int/Dex
                  | -1) [potion of mutation]
 75658 | Zot:5    | Gained mutation: Your natural rate of healing is unusually
                  | fast. [potion of mutation]
 75658 | Zot:5    | Gained mutation: Your mind is acute. (Int +4, Str/Dex -1)
                  | [potion of mutation]
 76704 | Slime:1  | Entered Level 1 of the Pits of Slime
 77458 | Slime:3  | Gained mutation: Your magical capacity is low. (-10% MP) [a
                  | shining eye]
 78559 | Slime:5  | Entered Level 5 of the Pits of Slime
 78625 | Slime:5  | Found a viscous altar of Jiyva.
 78632 | Slime:5  | Found the +5 Lochaber axe {reach-cleave, Poleaxe ^Drain}
 78670 | Slime:5  | Noticed the Royal Jelly
 78676 | Slime:5  | Killed the Royal Jelly
 78852 | Slime:5  | Identified the +4 demon trident of the Mushroom {flame,
                  | rElec rN++ Int-4 Dex+3}
 78873 | Slime:5  | Identified the +4 falchion of the Pyrrhic Victory {flame,
                  | *Corrode Int+7}
 78882 | Slime:5  | Identified the ring "Hero's Friend" {rN+++ Str+6 Dex-4
                  | SInv}
 78917 | Slime:5  | Identified the ring "Jevacwat" {Fly rPois rC+}
 78931 | Slime:5  | Identified the +0 whip of the Scorching Priest {heavy,
                  | rElec SInv Stlth+}
 78967 | Slime:5  | Got a slimy rune of Zot
 79531 | Depths:4 | Learned a level 9 spell: Death's Door
 79540 | Depths:4 | Learned a level 8 spell: Infestation
 79542 | Zig:1    | Entered Level 1 of a ziggurat
 79563 | Zig:2    | Entered Level 2 of a ziggurat
 79591 | Zig:3    | Entered Level 3 of a ziggurat
 79739 | Zig:3    | Identified the amulet of Ypisamp {Faith Dex+2}
 79767 | Zig:4    | Entered Level 4 of a ziggurat
 79809 | Zig:4    | Identified the ring of Ixzoggec {Fly rElec Str+3 Dex+6
                  | Stlth+}
 79822 | Zig:5    | Entered Level 5 of a ziggurat
 79829 | Zig:5    | Found the +10 morningstar "Eos" {elec, Halo rElec}
 79889 | Zig:6    | Entered Level 6 of a ziggurat
 79945 | Zig:6    | Got the Secrets of Mighty Ouranomancy
 79955 | Zig:7    | Entered Level 7 of a ziggurat
 79992 | Zig:7    | Identified the ring of Ytiraah {Fly rC+ Int+6}
 80037 | Zig:8    | Entered Level 8 of a ziggurat
 80053 | Zig:8    | Paralysed by an air elemental for 1 turns
 80060 | Zig:8    | Reached skill level 15 in Necromancy
 80143 | Zig:8    | Learned a level 4 spell: Manifold Assault
 80153 | Zig:9    | Entered Level 9 of a ziggurat
 80271 | Zig:9    | Identified the +0 chain mail of the Last Olives {Dex+3}
 80275 | Zig:10   | Entered Level 10 of a ziggurat
 80363 | Zig:10   | Got the Elucidation of Firn
 80367 | Zig:10   | Identified the ring of Siudonub {rF+ Str+4 Stlth+}
 80371 | Zig:10   | Identified the +8 demon blade of Bohepuost {venom, +Blink
                  | rF+ Will+ MP+9}
 80398 | Zig:11   | Entered Level 11 of a ziggurat
 80419 | Zig:11   | Reached skill level 15 in Spellcasting
 80521 | Zig:12   | Entered Level 12 of a ziggurat
 80610 | Zig:12   | Identified the amulet "Mikebr Ocyc" {Faith Will++ Dex+2}
 80613 | Zig:12   | Identified the +7 hand cannon of Chaos {penet, rF+ Will+
                  | Dex+4}
 80624 | Zig:12   | Identified the +7 broad axe of Abomination {venom, rC-
                  | Str+8 Int+3}
 80827 | Zot:5    | Killed a dread lich
 80893 | Zot:5    | Gained mutation: Potions are less effective at restoring
                  | your health. [an orb of fire]
 80895 | Zot:5    | Gained mutation: You occasionally lose the ability to drink
                  | potions when taking damage. [an orb of fire]
 80897 | Zot:5    | Killed an orb of fire
 80903 | Zot:5    | Got the Orb of Zot
 81023 | Zot:3    | Reached skill level 25 in Dodging
 81173 | Depths:4 | Identified the +3 robe of Fiastrulu {rElec rN+}
 81173 | Depths:4 | Noticed Boris
 81179 | Depths:4 | Killed Boris
 81428 | Depths:1 | Noticed Unong the pandemonium lord
 81436 | Depths:1 | Killed Unong the pandemonium lord
 81534 | D:14     | Noticed Cuocluis the pandemonium lord
 81553 | D:14     | Killed Cuocluis the pandemonium lord
 81731 | Vaults:2 | Noticed Laorev the pandemonium lord
 81737 | Vaults:2 | Killed Laorev the pandemonium lord
 81786 | Crypt:1  | Noticed Wamuhakh the pandemonium lord
 81794 | Crypt:1  | Killed Wamuhakh the pandemonium lord
 82034 | Tomb:1   | Entered Level 1 of the Tomb of the Ancients
 82261 | Tomb:1   | Reached skill level 26 in Dodging
 82361 | Tomb:1   | Noticed Tati Sich the pandemonium lord
 82367 | Tomb:1   | Killed Tati Sich the pandemonium lord
 82424 | Tomb:1   | Noticed Vieroel the pandemonium lord
 82447 | Tomb:1   | Killed Vieroel the pandemonium lord
 82472 | Tomb:1   | Noticed a royal mummy
 82473 | Tomb:1   | Noticed a royal mummy
 82479 | Tomb:1   | Killed a royal mummy
 82481 | Tomb:1   | Noticed a royal mummy
 82494 | Tomb:1   | Killed a royal mummy
 82530 | Tomb:1   | Noticed Muweciorr the pandemonium lord
 82543 | Tomb:1   | Killed a royal mummy
 82613 | Tomb:2   | Noticed a royal mummy
 82613 | Tomb:2   | Noticed a royal mummy
 82613 | Tomb:2   | Noticed a royal mummy
 82616 | Tomb:2   | Noticed a royal mummy
 82660 | Tomb:1   | Noticed a royal mummy
 82675 | Tomb:1   | Noticed a royal mummy
 82678 | Tomb:1   | Noticed a royal mummy
 82679 | Tomb:1   | Noticed a royal mummy
 82692 | Tomb:1   | Noticed a royal mummy
 82692 | Tomb:1   | Noticed a royal mummy
 82701 | Tomb:1   | Noticed a royal mummy
 82708 | Tomb:1   | Noticed Nediz the pandemonium lord
 82736 | Tomb:1   | Noticed a royal mummy
 82748 | Tomb:1   | Noticed a royal mummy
 82769 | Tomb:1   | Noticed a royal mummy
 82772 | Tomb:1   | Noticed a royal mummy
 82773 | Tomb:1   | Noticed a royal mummy
 82782 | Tomb:1   | Killed a royal mummy
 82783 | Tomb:1   | Noticed a royal mummy
 82785 | Tomb:1   | Noticed a royal mummy
 82786 | Tomb:1   | Noticed a royal mummy
 82787 | Tomb:1   | Noticed a royal mummy
 82787 | Tomb:1   | Noticed a royal mummy
 82788 | Tomb:1   | Killed a royal mummy
 82792 | Tomb:1   | Killed a royal mummy
 82793 | Tomb:1   | Noticed a royal mummy
 82795 | Tomb:1   | Killed a royal mummy
 82796 | Tomb:1   | Killed a royal mummy
 82798 | Tomb:1   | Killed a royal mummy
 82807 | Tomb:1   | Killed a royal mummy
 82812 | Tomb:1   | Killed a royal mummy
 82814 | Tomb:1   | Killed a royal mummy
 82839 | Tomb:1   | Noticed a royal mummy
 82849 | Tomb:1   | Killed a royal mummy
 82914 | Tomb:2   | Reached skill level 27 in Dodging
 83105 | Tomb:3   | Entered Level 3 of the Tomb of the Ancients
 83120 | Tomb:3   | Your ally Muweciorr died
 83143 | Tomb:3   | Noticed a royal mummy
 83143 | Tomb:3   | Noticed a royal mummy
 83143 | Tomb:3   | Noticed a royal mummy
 83143 | Tomb:3   | Identified the +3 robe "Qohag" {rC+ rCorr}
 83143 | Tomb:3   | Noticed Boris
 83144 | Tomb:3   | Noticed a royal mummy
 83146 | Tomb:3   | Noticed a royal mummy
 83146 | Tomb:3   | Noticed a royal mummy
 83153 | Tomb:3   | Killed a royal mummy
 83158 | Tomb:3   | Noticed a royal mummy
 83160 | Tomb:3   | Noticed a royal mummy
 83161 | Tomb:3   | Killed a royal mummy
 83164 | Tomb:3   | Killed a royal mummy
 83166 | Tomb:3   | Your ally Boris died
 83167 | Tomb:3   | Killed a royal mummy
 83169 | Tomb:3   | Killed a royal mummy
 83170 | Tomb:3   | Killed a royal mummy
 83185 | Tomb:3   | Noticed a royal mummy
 83245 | Tomb:3   | Got a sanguine gem with 1800 turns to spare
 83252 | Tomb:3   | Got a golden rune of Zot
 83298 | Tomb:3   | Identified the ring "Xuliekie" {rElec rPois rCorr MP+9
                  | Str+6}
 83315 | Tomb:3   | Identified the +3 robe "Ogodiq" {Str-4 Int+6}
 83315 | Tomb:3   | Noticed Boris
 83447 | Tomb:1   | Noticed Zaduukhe the pandemonium lord
 83474 | Tomb:1   | Noticed Zoarapsa the pandemonium lord
 83486 | Tomb:1   | Killed Zoarapsa the pandemonium lord
 83505 | Tomb:1   | Noticed Cytuplia the pandemonium lord
 83517 | Tomb:1   | Killed Cytuplia the pandemonium lord
 83649 | Crypt:3  | Noticed Ketawedy the pandemonium lord
 83656 | Crypt:3  | Killed Ketawedy the pandemonium lord
 83683 | Crypt:3  | Noticed Eghy the pandemonium lord
 83691 | Crypt:3  | Killed Eghy the pandemonium lord
 83793 | Vaults:2 | Noticed Rilet the pandemonium lord
 83831 | Vaults:2 | Killed Rilet the pandemonium lord
 84059 | D:10     | Noticed a seraph
 84068 | D:10     | Killed a seraph
 84384 | D:$      | Escaped with the Orb!

Illustrated notes

Levels and vault maps discovered:
D:1:      dpeg_arrival_brainrot, layout_basic, shapermc_ecumenical_altar_ellora,
          minmay_strange_pillars
D:2:      layout_rooms
D:3:      layout_loops_corners, nicolae_elyvilon_peaceful_grove, uniq_ijyb
D:4:      layout_cave_pools, minmay_temple_entry_from_below_a,
          dk_noncrumbling_3, uniq_sigmund, uniq_grinder
D:5:      layout_cave_pods, kennysheep_little_box, kennysheep_slug_shrine,
          kiku_gazebo_pond_becter, minivault_19
D:6:      layout_loops_ring
D:7:      layout_loops_ring, lemuel_doored_altar
D:8:      layout_loops_ring, evilmike_ruin_ashenzari, minmay_starry_boxes
D:9:      layout_cave_pods, orc_0_dummy, minmay_lindwurm_lava
D:10:     layout_long_grid, nzn_wu_jian_contemplation, dpeg_oklobed_lair,
          nicolae_straight_to_the_point, uniq_joseph, uniq_snorg, uniq_nergalle
D:11:     layout_roguey [special_room_orc], hangedman_weighted_door
D:12:     layout_gridville, uniq_maurice, uniq_gastronok
D:13:     layout_layer_cave, serial_glass, glass_columns_b, glass_columns_c,
          minmay_pinched_square
D:14:     layout_roguey, hellmonk_vaults_order_and_chaos,
          roderic_serpentine_path, gammafunk_ghost_necromancy
D:15:     grunt_enter_depths_magical_seal, layout_loops_ring, uniq_nessos
Temple:   nicolae_temple_superstar
Lair:1:   layout_regular_city, gauntlet_entry_generic,
          hangedman_lair_generics_rect
Lair:2:   layout_cave_pods, nicolae_spider_entry_lesser_pyramids
Lair:3:   layout_layer_cave, minmay_shoals_entry_hut, uniq_sonja, uniq_kirke
Lair:4:   layout_roguey
Lair:5:   due_jungle_book, layout_regular_city, slime_entry_1, minivault_23,
          nicolae_lair_grove_arrangements, grunt_megastairs_5,
          infiniplex_staircase_pool_2
Shoals:1: layout_shoals
Shoals:2: layout_shoals
Shoals:3: layout_shoals, uniq_ilsuiw, uniq_bai_suzhen, uniq_roxanne
Shoals:4: shoals_end_grunt_garden, layout_shoals, uniq_nikola
Spider:1: layout_spider_delve
Spider:2: layout_spider_delve, ebering_ghost_inner_flame, uniq_azrael
Spider:3: layout_spider_delve, portal_ice_cave_entry_ugly_swarm
Spider:4: grunt_spider_rune_circles, ebering_ghost_reflecting_pool,
          hangedman_spider_mandibles, nicolae_spider_some_kinda_spiderbox,
          uniq_donald
Slime:1:  layout_caves
Slime:2:  layout_caves
Slime:3:  layout_caves
Slime:4:  cheibrodos_slime_lost_civilization_8, layout_caves,
          nicolae_slime_welcoming_committee
Slime:5:  slime_pit_nicolae_jellycorners
Orc:1:    layout_caves, mines2_david
Orc:2:    st_orc_open, layout_caves, minmay_shop_mass, mines5_lemuel
Elf:1:    nicolae_elf_arrival_fired_up, layout_loops_corners, serial_shops,
          shop, minivault_28
Elf:2:    nicolae_elf_blades_splatter_lattice [infiniplex_blade_entry_pillars],
          layout_geoelf_diagonals
Elf:3:    minmay_elf_hall_hex, layout_rooms, serial_shops, shop
Vaults:1: grunt_vaults_trifunnel, nicolae_vaults_two_Ls, vaults_room_large_hall,
          nicolae_vaults_twisting_passages, nicolae_vaults_tetromino_L_2,
          nicolae_vaults_network_star, nicolae_vaults_surprise_closet,
          nicolae_vaults_little_squares_5, ontoclasm_vaults_shuriken,
          layout_vaults_quadrants, serial_shops, nicolae_shop_industrial_runoff,
          uniq_boris
Vaults:2: nzn_ghost_randoct, v_rooms_1, nicolae_vaults_closet_pinwheel_5,
          nicolae_vaults_network_quinsquares
          [nicolae_vaults_network_quincunx_subvault,
          nicolae_vaults_network_quincunx_subvault,
          nicolae_vaults_network_quincunx_subvault,
          nicolae_vaults_network_quincunx_subvault],
          nicolae_vaults_more_shelving_2, blue_anna_dwarven_crypt,
          nicolae_vaults_storage_closets_1, vaults_dpeg_ring,
          hangedman_vaults_slice, nicolae_vaults_house_1,
          nicolae_vaults_little_ls, layout_vaults_big_room, uniq_mara
Vaults:3: lemuel_ogre_cave, serial_library_hellmonk_big_corner,
          nicolae_vaults_little_squares_4, grunt_vaults_focal, v_rooms_2,
          v_alt_pattern_4, hangedman_vaults_trim, nicolae_vaults_apartment_1,
          nicolae_vaults_weapon_check, nicolae_vaults_wine_cellar,
          vaults_room_grid, layout_vaults_omnibox, uniq_margery, uniq_sojobo
Vaults:4: hangedman_vaults_nodes, nicolae_vaults_taking_the_gang_shopping,
          vaults_room_ringed_pool, nicolae_vaults_circle_grid_a, v_misc_11,
          nicolae_vaults_ring_of_whatevers, v_misc_12, v_misc_9,
          nicolae_vaults_tetromino_T_1, layout_vaults_omnicross
Vaults:5
Crypt:1:  gammafunk_sealed_library, layout_gridlike, uniq_khufu
Crypt:2:  layout_rooms
Crypt:3:  grunt_crypt_end_deaths_head, uniq_josephina, uniq_zenata, uniq_jory,
          uniq_grunn
Tomb:1
Tomb:2
Tomb:3
Depths:1: layout_gridlike, grunt_hell_entry_dis_grunt,
          abyss_entry_small_statue_room, nicolae_transporter_circle
Depths:2: gammafunk_dig_for_victory, layout_gridville, rand_demon_pan_entry_8,
          pf_hell_entry_tar_spiral, serial_shops, nicolae_diamond_shop,
          infiniplex_staircase_zigzag_2, uniq_asterion
Depths:3: minmay_spriggan_fort, layout_gridlike, abyss_entry_glasseish,
          grunt_mini_vestibule, serial_shops, nicolae_stop_n_shop_1, hex_medium,
          minmay_shop_grove, uniq_frederick
Depths:4: evilmike_zot_entry_argh, layout_gridlike, enter_ziggurat_f, pan_entry,
          serial_shops, nicolae_shop_scrapyard, hell_entry,
          nicolae_gozag_seed_capital, minmay_room_of_horrors
Zot:1:    lemuel_acid_trip, layout_cathedral_of_symmetry,
          gammafunk_ghost_wrathful_warriors, nicolae_zig_zag_zippers
Zot:2:    layout_basic
Zot:3:    layout_cellular_growth, ebering_ghost_rock_garden
Zot:4:    kennysheep_room_grid, layout_misc_corridors,
          regret_index_zotdec_icy_dp
Zot:5:    layout_misc_corridors

Skill      XL: |  1  2  3  4  5  6  7  8  9 10 11 12 13 14 15 16 17 18 19 20 21 22 23 24 25 26 27 |
---------------+----------------------------------------------------------------------------------+-----
Short Blades   | 3 4 5 6 7 8 9 |  9.0
Dodging        | 2 3 5 7 8 10 12 15 17 18 20 22 23 27 | 27.0
Fighting       | 3 4 7 8 9 10 11 13 14 16 18 21 | 21.3
Summonings     | 2 4 6 7 8 9 11 12 13 | 13.0
Fire Magic     | 2 4 6 |  6.0
Spellcasting   | 2 5 6 8 9 19 | 19.3
Shapeshifting  | 1 5 8 11 14 16 17 | 17.2
Stealth        | 7 8 10 | 10.0
Hexes          | 3 |  3.0
Ice Magic      | 3 |  3.0
Earth Magic    | 2 4 6 |  6.0
Long Blades    | 7 11 12 13 14 | 14.2
Shields        | 2 5 6 10 20 | 20.0
Evocations     | 1 5 9 11 13 14 16 | 16.0
Translocations | 3 5 8 10 11 | 11.0
Air Magic      | 4 5 6 |  6.0
Necromancy     | 2 8 20 | 20.2
Throwing       | |  2.0

Action                     |  1- 3 |  4- 6 |  7- 9 | 10-12 | 13-15 | 16-18 | 19-21 | 22-24 | 25-27 || total
---------------------------+-------+-------+-------+-------+-------+-------+-------+-------+-------++-------
  Melee: Dagger            |    53 |    64 |   156 |   163 |   194 |       |       |       |       ||   630
         Tentacles         |    12 |    16 |    38 |    44 |   194 |   374 |   417 |   558 |  1342 ||  2995
         Constrict         |    11 |    18 |    40 |    26 |    76 |   201 |   201 |   166 |   439 ||  1178
         Scimitar          |       |       |       |       |   287 |       |       |       |       ||   287
         Demon blade       |       |       |       |       |    60 |  1095 |  1183 |  1435 |  2785 ||  6558
         Eudemon blade     |       |       |       |       |       |       |       |       |   915 ||   915
  Throw: Dart              |       |     2 |    24 |       |    13 |       |     1 |     2 |       ||    42
   Cast: Call Canine Famil |       |       |    24 |    12 |     2 |       |       |       |       ||    38
         Summon Blazeheart |       |       |    16 |    75 |   111 |    44 |       |       |       ||   246
         Summon Cactus Gia |       |       |       |       |       |       |    14 |    12 |       ||    26
         Fugue of the Fall |       |       |       |       |       |       |       |       |    24 ||    24
         Death Channel     |       |       |       |       |       |       |       |       |    20 ||    20
         Manifold Assault  |       |       |       |       |       |       |       |       |    91 ||    91
         Vhi's Electric Ch |       |       |       |       |       |       |       |       |    76 ||    76
 Invoke: Potion Petition   |       |       |       |       |       |     1 |       |     4 |    10 ||    15
         Bribe Branch      |       |       |       |       |       |       |       |       |     6 ||     6
  Evoke: Wand              |       |     2 |     1 |     1 |    11 |     2 |     7 |    15 |     7 ||    46
         Sack of spiders   |       |       |       |       |       |     1 |     1 |     3 |     1 ||     6
         Tin of tremorston |       |       |       |       |       |       |       |     4 |    10 ||    14
    Use: Scroll            |       |       |     7 |     3 |    14 |    13 |     5 |     7 |    16 ||    65
         Potion            |       |       |       |     2 |     3 |     3 |       |     1 |    13 ||    22
   Stab: Sleeping          |    16 |    13 |     5 |     8 |    14 |    28 |    26 |    26 |    17 ||   153
         Distracted        |       |       |     4 |     1 |     6 |    15 |    14 |    25 |    81 ||   146
         Invisible         |       |       |       |       |       |       |       |     4 |       ||     4
         Confused          |       |       |       |       |       |       |       |       |     2 ||     2
 Armour: Skin              |     9 |    28 |    67 |    53 |   311 |   687 |   510 |   599 |  1190 ||  3454
  Dodge: Dodged            |    30 |    41 |    79 |   124 |  1073 |  1800 |  1539 |  2588 |  5942 || 13216
  Block: Buckler           |       |       |       |       |    19 |   749 |   629 |   934 |  2735 ||  5066
   Form: Statue            |       |       |       |     1 |     1 |       |       |       |       ||     2
                           |       |       |       |     1 |       |       |       |       |       ||     1

Table legend: (Time is in decaauts)
 A = Elapsed time spent in this place.
 B = Non-inter-level travel time spent in this place.
 C = Inter-level travel time spent in this place.
 D = Time resting spent in this place.
 E = Time spent auto-exploring this place.
 F = Levels seen in this place.
 G = Mean time per level.
                   A        B        C        D        E       F      G
               +--------+--------+--------+--------+--------+-----+--------+
         Total | 111050 |  95961 |  15089 |  18760 |  53323 |  77 | 1442.2 |
       Dungeon |  26799 |  21418 |   5381 |   5127 |  12148 |  15 | 1786.6 |
        Temple |     42 |      1 |     41 |      0 |      0 |   1 |   42.0 |
          Lair |  12587 |  10319 |   2268 |   3652 |   4804 |   5 | 2517.4 |
        Shoals |   5725 |   5496 |    229 |    321 |   3888 |   4 | 1431.2 |
   Spider Nest |   6764 |   6156 |    608 |    645 |   3742 |   4 | 1691.0 |
    Slime Pits |   3438 |   3205 |    233 |    457 |   2044 |   5 |  687.6 |
  Orcish Mines |   2745 |   2467 |    278 |    621 |   1240 |   2 | 1372.5 |
   Elven Halls |   7699 |   7062 |    637 |   2205 |   3750 |   3 | 2566.3 |
        Vaults |  12814 |  10737 |   2077 |    928 |   7147 |   5 | 2562.8 |
         Crypt |   6117 |   5569 |    548 |   1285 |   2638 |   3 | 2039.0 |
          Tomb |   2102 |   2014 |     88 |     50 |    320 |   3 |  700.7 |
        Depths |  10311 |   8730 |   1581 |   1747 |   4959 |   4 | 2577.8 |
           Zot |   8945 |   7830 |   1115 |    733 |   4983 |   5 | 1789.0 |
         Abyss |   1623 |   1623 |      0 |    181 |    312 |   5 |  324.6 |
      Ziggurat |   1498 |   1498 |      0 |    163 |    617 |  12 |  124.8 |
      Ice Cave |   1833 |   1833 |      0 |    639 |    727 |   1 | 1833.0 |
               +--------+--------+--------+--------+--------+-----+--------+

Top non-repeatable levels by time:
   Elf:3: 4420 daAuts
    D:11: 3881 daAuts
  Lair:5: 3508 daAuts
Depths:4: 3431 daAuts
  Lair:1: 3151 daAuts
Vaults:1: 3126 daAuts
Vaults:2: 3116 daAuts
    D:10: 2806 daAuts
Depths:2: 2768 daAuts
 Crypt:1: 2618 daAuts
Vaults:5: 2569 daAuts
   Zot:1: 2382 daAuts
    D:14: 2379 daAuts
    D:15: 2291 daAuts
 Crypt:3: 2261 daAuts
